 Dungeon Crawl Stone Soup version 0.25.0-15-gac7dcb8919 (webtiles) character file.

Game seed: 16382798856402747400

32 simples the Chopper (level 3, -6/33 HPs)
             Began as a Minotaur Berserker on June 28, 2020.
             Was a Believer of Trog.
             Shot with an arrow by a centaur (8 damage)
             ... on level 2 of the Dungeon.
             The game lasted 00:00:50 (1399 turns).

simples the Chopper (Minotaur Berserker)            Turns: 1399, Time: 00:00:51

Health: -6/33      AC:  2    Str: 21    XL:     3   Next: 8%
Magic:  2/2        EV: 12    Int:  4    God:    Trog [**....]
Gold:   93         SH:  0    Dex: 10    Spells: 2/2 levels left

rFire    . . .     SeeInvis .   a - +0 hand axe
rCold    . . .     Gourm    .   (no shield)
rNeg     . . .     Faith    .   b - +0 animal skin
rPois    .         Spirit   .   (helmet restricted)
rElec    .         Reflect  .   (no cloak)
rCorr    .         Harm     .   (no gloves)
MR       .....                  (no boots)
Stlth    +.........             (no amulet)
HPRegen  0.11/turn              (no ring)
MPRegen  0.08/turn              (no ring)

@: no status effects
A: retaliatory headbutt, horns 2
a: Berserk, Trog's Hand, Renounce Religion


You were on level 2 of the Dungeon.
You worshipped Trog.
Trog was pleased with you.
You were not hungry.

You visited 1 branch of the dungeon, and saw 2 of its levels.

You collected 93 gold pieces.

Inventory:

Hand Weapons
 a - a +0 hand axe (weapon)
Armour
 b - a +0 animal skin (worn)
Scrolls
 d - a scroll of teleportation {unknown}
 e - a scroll of magic mapping {unknown}
 f - a scroll of enchant armour {unknown}
 h - 2 scrolls of remove curse {unknown}
 k - a scroll of blinking {unknown}
 l - a scroll of identify {unknown}
Potions
 g - a potion of might {unknown}
 i - 2 potions of curing {unknown}
 m - a potion of heal wounds {unknown}
 n - 2 potions of haste {unknown}
Comestibles
 c - 4 rations
 j - 3 chunks of flesh


   Skills:
 + Level 4.0 Fighting
 * Level 4.3 Axes
 + Level 2.8 Armour
 + Level 2.6 Dodging


You had 2 spell levels left.
You didn't know any spells.
Your spell library was empty.

Dungeon Overview and Level Annotations

Branches:
Dungeon (2/15)

Altars:


Innate Abilities, Weirdness & Mutations

You reflexively headbutt those who attack you in melee.
You have a pair of horns on your head.


Message History

You now have 81 gold pieces (gained 8).
n - 2 metallic brown potions (gained 1)
You now have 93 gold pieces (gained 12).
A leopard gecko and a kobold come into view.
Found 15 bolts.
A centaur comes into view.
The leopard gecko hisses angrily.
The kobold shouts!
There are monsters nearby!
The centaur shouts!
A giant cockroach comes into view.
There are monsters nearby!
The centaur wields a +0 shortbow.
The centaur shoots an arrow.
The arrow hits you! The leopard gecko bites you.
You see here an arrow.
You are too injured to fight recklessly!
The centaur shoots an arrow.
The arrow barely misses you.
The centaur shoots an arrow.
The arrow hits you!
* * * LOW HITPOINT WARNING * * *
The centaur shoots an arrow.
The arrow hits you!
You die...

#.#.#.#.# .# #.#.#.#.#
######+#.#. #.#.#.#.#
#..........
#.#...#####.....c....
#.........#.....(....
#.####..###.#.........#
#......>###.#.........#
#####.......#..(......#
#.......#@lK.......
#..................
##........(....s....
#...................
#.###............... #.
#.....#######... #.
#.....# ... .. #.....#
#######


You could see a centaur, a leopard gecko, a giant cockroach and a kobold.

Vanquished Creatures
  3 dart slugs (D:1)
  A bat (D:2)
  A giant cockroach (D:2)
  5 goblins (D:1)
  5 hobgoblins
  2 ball pythons (D:1)
  A frilled lizard (D:2)
  A kobold (D:1)
  5 rats
24 creatures vanquished.

Notes
Turn   | Place    | Note
-------+----------+-------------------------------------------
     0 | D:1      | simples the Minotaur Berserker began the quest for the Orb.
     0 | D:1      | Reached XP level 1. HP: 19/19 MP: 0/0
   369 | D:1      | Reached XP level 2. HP: 20/27 MP: 1/1
  1122 | D:2      | Reached XP level 3. HP: 25/33 MP: 2/2
  1280 | D:2      | Reached ** piety under Trog
  1395 | D:2      | Noticed a centaur
  1399 | D:2      | Shot with an arrow by a centaur

Illustrated notes

Levels and vault maps discovered:
D:1:      minmay_arrival_wavy_path, layout_loops_corners
D:2:      minmay_evil_eye, layout_basic, first_ration

Skill      XL: |  1  2  3 |
---------------+----------+-----
Axes           | 4 |  4.3
Fighting       | 4 |  4.0
Armour         | |  2.8
Dodging        | |  2.6

Action                   || total
-------------------------++-------
Melee: Hand axe          ||    38
       Headbutt          ||     7
  Eat: Chunk             ||     1
Armor: Animal skin       ||     3
Dodge: Dodged            ||    22
